 Dungeon Crawl Stone Soup version 0.30.0-29-ga12c61a403 (webtiles) character file.

Game seed: 17217876061705911990

338 Groucho the Shooter (level 6, -3/32 HPs)
             Began as a Spriggan Hunter on June 11, 2023.
             Slain by Eustachio
             ... wielding a +2 falchion of flaming
              (8 damage)
             ... on level 3 of the Dungeon.
             The game lasted 00:06:16 (4848 turns).

Groucho the Shooter (Spriggan Hunter)               Turns: 4848, Time: 00:06:16

Health: -3/32      AC:  3    Str:  7    XL:     6   Next: 29%
Magic:  7/7        EV: 18    Int: 11    God:
Gold:   100        SH:  0    Dex: 20    Spells: 5/5 levels left

rFire   . . .        a - +0 shortbow
rCold   . . .        (shield currently unavailable)
rNeg    . . .        c - +0 robe
rPois   .            (helmet restricted)
rElec   .            r - +0 cloak
rCorr   .            (gloves unavailable)
SInv    +            (boots unavailable)
Will    +....        (no amulet)
Stlth   ++           (no ring)
HPRegen 0.25/turn    (no ring)
MPRegen 0.10/turn

%: no passive effects
@: very quick
A: very small, no large weapons, unfitting armour, see invisible, speed 3
a: no special abilities


You were on level 3 of the Dungeon.
You visited 1 branch of the dungeon, and saw 4 of its levels.

You collected 100 gold pieces.

Inventory:

Hand Weapons
 a - a +0 shortbow (weapon)
Missiles
 f - 2 poisoned darts
 w - a throwing net
Armour
 c - a +0 robe (worn)
 r - a +0 cloak (worn)
Jewellery
 d - a ring of wizardry
 p - a ring of willpower
 u - a +6 ring of intelligence
Wands
 x - a wand of flame (20)
Scrolls
 b - a scroll of immolation
 e - a scroll of silence {unknown}
 g - 2 scrolls of magic mapping {unknown}
 h - a scroll of amnesia {unknown}
 i - 2 scrolls of poison {unknown}
 j - a scroll of fog {unknown}
 k - 2 scrolls of vulnerability {unknown}
 n - 2 scrolls of teleportation {unknown}
 t - a scroll of butterflies {unknown}
 v - a scroll of identify {unknown}
 y - a scroll of fear {unknown}
Potions
 l - a potion of heal wounds {unknown}
 m - a potion of curing {unknown}
 o - a potion of lignification {unknown}
 q - 2 potions of attraction {unknown}
 s - 2 potions of flight {unknown}
 z - a potion of invisibility {unknown}
 A - a potion of cancellation {unknown}


   Skills:
 + Level 2.6 Fighting
 + Level 7.0 Ranged Weapons
 + Level 3.1 Dodging
 - Level 1.5 Stealth


You had 5 spell levels left.
You didn't know any spells.
Your spell library was empty.

Dungeon Overview and Level Annotations

Branches:
Dungeon (4/15)
 Temple: D:4-7

Altars:
Hepliaklqana
Ru
Sif Muna
Uskayaw

Shops:
D:2 :

Annotations:
D:3 Eustachio


Innate Abilities, Weirdness & Mutations

You are very small and have problems with some larger weapons.
You are too small for most types of armour.
You have supernaturally acute eyesight. (SInv)
You cover ground extremely quickly. (Speed+++)


Message History

The rat twitches its whiskers.
The rat completely misses you.
Unknown command.
Unknown command.
Fire: a) +0 shortbow
Press: ? - help, Q - select action, (/) - cycle Shift-Dir - straight line, f/p - Eustachio
Aim: Eustachio, wielding a +2 falchion of flaming and wearing a +0 leather armour (almost dead, 57% to hit)
You shoot an arrow.
The arrow hits Eustachio but does no damage.
Eustachio is almost dead.
The bat closely misses you. The bat hits you but does no damage.
Eustachio says, "My allies will avenge me."
Eustachio hits you with a +2 falchion of flaming!
* * * LOW HITPOINT WARNING * * *
Eustachio burns you.
* * * LOW HITPOINT WARNING * * *
The rat bites you.
* * * LOW HITPOINT WARNING * * *
Unknown command.
Unknown command.
The bat closely misses you. The bat misses you.
Eustachio casts a spell.
Eustachio blinks!
The rat misses you. The bat misses you.
Fire: a) +0 shortbow
Press: ? - help, Q - select action, (/) - cycle Shift-Dir - straight line, f/p - Eustachio
Aim: Eustachio, wielding a +2 falchion of flaming and wearing a +0 leather armour (almost dead, 57% to hit)
You shoot an arrow. The arrow barely misses Eustachio.
The bat misses you. The bat barely misses you. Eustachio barely misses you.
Unknown command.
Unknown command.
Unknown command.
Fire: a) +0 shortbow
Press: ? - help, Q - select action, (/) - cycle Shift-Dir - straight line, f/p - Eustachio
Aim: Eustachio, wielding a +2 falchion of flaming and wearing a +0 leather armour (almost dead, 57% to hit)
You shoot an arrow. The arrow closely misses Eustachio.
The bat misses you. x2; The bat hits you.
* * * LOW HITPOINT WARNING * * *
Eustachio hits you with a +2 falchion of flaming!
You die...

#.###.#.# #.......# #####.### #.#
#.# ####### #.# #5....# #########
###.####.###.##### #.......#
#......5)# #.@...# #.#####.#
#####.#.####.###@###.# #.##.....
......### #555bb###.####.##.##.#
#######≈########rb........##.##.#
##≈≈≈≈≈## #..##.##(........#
##≈≈≈≈≈≈≈## #..##.##..##.....#
#≈≈≈....≈≈# #..##.##..##.....#
###≈~~####.≈####..##.##..##.....#
8.8.8##..##≈≈##...##.##..###...##
)....'..._#≈≈#.#.........# ##.##


You could see Eustachio, 2 iron imps, a quasit (summoned), 3 bats and a rat
(summoned).

Vanquished Creatures
  A scorpion (D:2)
  Crazy Yiuf (D:2)
  Jessica (D:2)
  An iguana (D:4)
  Terence (D:2)
  Robin (D:2)
  4 gnolls (D:3)
  5 adders
  2 worms (D:2)
  A dart slug (D:3)
  An orc (D:3)
  6 endoplasms
  2 giant cockroaches (D:1)
  9 goblins
  13 hobgoblins
  3 kobolds
  5 quokkas
  9 ball pythons
  2 bats
  3 frilled lizards
  7 rats
78 creatures vanquished.

Notes
Turn   | Place    | Note
-------+----------+-------------------------------------------
     0 | D:1      | Groucho the Spriggan Hunter began the quest for the Orb.
     0 | D:1      | Reached XP level 1. HP: 10/10 MP: 2/2
   164 | D:1      | Reached XP level 2. HP: 14/14 MP: 3/3
  1066 | D:2      | Reached XP level 3. HP: 18/18 MP: 4/4
  1219 | D:2      | Reached skill level 5 in Ranged Weapons
  1524 | D:2      | Found Luesuwunergh's Book Shoppe.
  1527 | D:2      | Noticed Terence
  1550 | D:2      | Killed Terence
  1551 | D:2      | Reached XP level 4. HP: 19/23 MP: 5/5
  2434 | D:2      | Noticed Robin
  2438 | D:2      | Killed Robin
  2615 | D:2      | Found a runed translucent door.
  2616 | D:2      | Noticed Crazy Yiuf
  2655 | D:2      | Killed Crazy Yiuf
  2693 | D:2      | Identified the +8 hammer "Urups" {freeze, Str+4 SInv}
  2810 | D:2      | Noticed Jessica
  2811 | D:2      | Killed Jessica
  2812 | D:2      | Reached skill level 6 in Ranged Weapons
  2812 | D:2      | Reached XP level 5. HP: 26/26 MP: 6/6
  3039 | D:3      | Found a sacrificial altar of Ru.
  3322 | D:3      | Reached XP level 6. HP: 32/32 MP: 7/7
  3580 | D:3      | Found a hide-covered altar of Uskayaw.
  3895 | D:3      | Found a hazy altar of Hepliaklqana.
  3971 | D:3      | Found a shimmering blue altar of Sif Muna.
  4264 | D:4      | Reached skill level 7 in Ranged Weapons
  4267 | D:4      | Noticed Eustachio
  4848 | D:3      | Slain by Eustachio

Illustrated notes

Levels and vault maps discovered:
D:1:      dpeg_arrival_morbid_curiosity, layout_loops_corners
D:2:      layout_loops_ring, serial_shops, nicolae_book_shop_shelving,
          uniq_robin, uniq_jessica, uniq_crazy_yiuf_cottage, uniq_terence
D:3:      layout_loops_corners, nicolae_ru_the_path_less_chosen,
          eat_drink_and_be_merry_uskayaw, kennysheep_orc_sif_temple,
          nzn_hepliaklqana_mist_gate, minmay_misc_feat_secret_circle,
          minmay_misc_feat_cross
D:4:      layout_loops_corners, good_gods_temple_1, okawaru_ov_weapons_minmay,
          portal_sewer_entry_e, nicolae_titane, uniq_eustachio, uniq_duvessa

Skill      XL: |  1  2  3  4  5  6 |
---------------+-------------------+-----
Ranged Weapons | 5 6 7 |  7.0
Fighting       | 2 |  2.6
Dodging        | 3 |  3.1
Stealth        | |  1.5

Action                     |  1- 3 |  4- 6 || total
---------------------------+-------+-------++-------
   Fire: Shortbow          |   101 |   168 ||   269
 Armour: Robe              |     5 |    10 ||    15
  Dodge: Dodged            |    30 |    64 ||    94
